General information
- name: BNet
- type: Ladder team game (AT/RT)
- host: Battle.net
- saver: Liko
map: Deadlands
- players: 8
- length: 18:04
- speed: Fast
- version: 1.26 W3XP
- replay type: Public
» download(162 KB)
Players
team 1 (winner)
Liko (
blue | 77 APM | 1398 actions | 18:04)
5 Death Knight
2 Death Coil
3 Unholy Aura
4 Dark Ranger
2 Silence
2 Life Drain
4 Pit Lord
2 Howl of Terror
2 Cleaving Attack
» actions
| Assign group hotkey | 42 | |
| Basic commands | 90 | |
| Build / train | 54 | |
| Enter build submenu | 21 | |
| Enter hero's abilities submenu | 13 | |
| Give item / drop item | 2 | |
| Right click | 457 | |
| Select / deselect | 298 | |
| Select group hotkey | 351 | |
| Use ability | 70 | |
1398 total
» units
| Acolyte | 11 | |
| Ghoul | 4 | |
| Crypt Fiend | 4 | |
| Frost Wyrm | 5 | |
24 total
» upgrades
| Burrow | 1 | |
| Creature Carapace | 2 | |
| Web | 1 | |
| Creature Attack | 1 | |
5 total
» buildings
| Graveyard | 1 | |
| Crypt | 1 | |
| Altar of Darkness | 1 | |
| Ziggurat | 7 | |
| Tomb of Relics | 3 | |
| Halls of the Dead | 1 | |
| Necropolis | 1 | |
| Black Citadel | 1 | |
| Sacrificial Pit | 1 | |
| Boneyard | 2 | |
| Nerubian Tower | 1 | |
20 total
» build order
00:10 Graveyard
00:16 Crypt
00:48 Altar of Darkness
01:02 Ziggurat
01:58 Tomb of Relics
02:09 Ziggurat
03:58 Halls of the Dead
04:24 Necropolis
06:28 Black Citadel
07:38 Sacrificial Pit
08:41 Tomb of Relics
08:58 Ziggurat
09:39 Boneyard
09:40 Boneyard
10:24 Ziggurat
13:35 Nerubian Tower
15:21 Ziggurat
17:07 Tomb of Relics
17:10 Ziggurat
17:12 Ziggurat
» items
| Rod of Necromancy | 1 | |
| Sacrificial Skull | 2 | |
| Boots of Speed | 1 | |
| Potion of Lesser Invulnerability | 1 | |
| Scroll of Healing | 1 | |
6 total

»
monasou (
teal | 32 APM | 587 actions | 18:03)
5 Priestess of the Moon
3 Trueshot Aura
2 Searing Arrows
» actions
| Build / train | 40 | |
| Enter build submenu | 17 | |
| Enter hero's abilities submenu | 5 | |
| Right click | 314 | |
| Select / deselect | 181 | |
| Use ability | 30 | |
587 total
» units
| Wisp | 12 | |
| Huntress | 5 | |
| Chimaera | 5 | |
| Hippogryph | 4 | |
26 total
» upgrades
| Strength of the Wild | 2 | |
| Reinforced Hides | 1 | |
| Corrosive Breath | 1 | |
4 total
» buildings
| Moon Well | 8 | |
| Altar of Elders | 1 | |
| Ancient of War | 1 | |
| Hunter's Hall | 1 | |
| Tree of Ages | 1 | |
| Ancient of Wind | 1 | |
| Tree of Eternity | 1 | |
| Chimaera Roost | 2 | |
| Ancient Protector | 1 | |
17 total
» build order
00:37 Moon Well
00:51 Altar of Elders
01:05 Ancient of War
01:27 Moon Well
02:17 Hunter's Hall
03:00 Tree of Ages
04:15 Moon Well
04:23 Moon Well
05:25 Ancient of Wind
05:42 Tree of Eternity
06:01 Moon Well
06:39 Moon Well
08:24 Chimaera Roost
08:25 Chimaera Roost
09:17 Moon Well
09:19 Moon Well
12:31 Ancient Protector
» items
| Dust of Appearance | 1 | |
| Scroll of Healing | 1 | |
2 total

»
Emmy.Lee (
red | 36 APM | 643 actions | 18:03)
5 Death Knight
3 Death Coil
2 Unholy Aura
2 Goblin Tinker
1 Pocket Factory
1 Engineering Upgrade
1 Firelord
1 Summon Lava Spawn
» actions
| Basic commands | 68 | |
| Build / train | 67 | |
| Enter build submenu | 17 | |
| Enter hero's abilities submenu | 7 | |
| Remove unit from queue | 9 | |
| Right click | 226 | |
| Select / deselect | 208 | |
| Use ability | 41 | |
643 total
» units
| Acolyte | 9 | |
| Ghoul | 4 | |
| Crypt Fiend | 4 | |
| Obsidian Statue | 3 | |
| Abomination | 14 | |
34 total
» upgrades
| Web | 1 | |
| Unholy Strength | 2 | |
| Unholy Armor | 2 | |
| Creature Attack | 2 | |
| Creature Carapace | 2 | |
| Disease Cloud | 1 | |
10 total
» buildings
| Altar of Darkness | 1 | |
| Ziggurat | 8 | |
| Crypt | 2 | |
| Graveyard | 1 | |
| Tomb of Relics | 1 | |
| Necropolis | 1 | |
| Halls of the Dead | 1 | |
| Slaughterhouse | 2 | |
| Black Citadel | 1 | |
| Spirit Tower | 1 | |
19 total
» build order
00:54 Altar of Darkness
00:56 Ziggurat
01:00 Crypt
01:03 Graveyard
01:42 Crypt
01:45 Tomb of Relics
02:15 Ziggurat
06:32 Necropolis
07:03 Halls of the Dead
07:38 Ziggurat
07:38 Ziggurat
09:25 Ziggurat
09:27 Ziggurat
09:29 Ziggurat
09:55 Slaughterhouse
10:48 Black Citadel
12:40 Spirit Tower
15:04 Ziggurat
peenutbuttr (
orange | 165 APM | 2980 actions | 18:03)
5 Dark Ranger
2 Black Arrow
3 Silence
3 Naga Sea Witch
1 Frost Arrows
2 Forked Lightning
3 Priestess of the Moon
2 Trueshot Aura
1 Scout
» actions
| Assign group hotkey | 545 | |
| Basic commands | 18 | |
| Build / train | 63 | |
| Enter build submenu | 13 | |
| Enter hero's abilities submenu | 12 | |
| Give item / drop item | 1 | |
| Remove unit from queue | 2 | |
| Right click | 1229 | |
| Select / deselect | 278 | |
| Select group hotkey | 771 | |
| Use ability | 48 | |
2980 total
» units
| Wisp | 13 | |
| Archer | 13 | |
| Druid of the Claw | 4 | |
30 total
» upgrades
| Improved Bows | 1 | |
| Strength of the Moon | 1 | |
| Ultravision | 1 | |
| Druid of the Claw Training | 2 | |
| Mark of the Claw | 1 | |
| Strength of the Wild | 2 | |
| Reinforced Hides | 1 | |
9 total
» buildings
| Moon Well | 6 | |
| Ancient of War | 1 | |
| Altar of Elders | 1 | |
| Ancient of Wonders | 1 | |
| Tree of Ages | 2 | |
| Hunter's Hall | 1 | |
| Tree of Eternity | 1 | |
| Ancient of Lore | 2 | |
| Tree of Life | 1 | |
16 total
» build order
00:22 Moon Well
00:47 Ancient of War
01:02 Altar of Elders
01:21 Moon Well
01:43 Ancient of Wonders
02:48 Moon Well
04:34 Tree of Ages
04:34 Tree of Ages
05:13 Moon Well
05:44 Hunter's Hall
08:15 Tree of Eternity
08:33 Moon Well
10:13 Ancient of Lore
10:14 Ancient of Lore
14:57 Moon Well
15:36 Tree of Life
» items
| Dust of Appearance | 1 | |
| Lesser Clarity Potion | 2 | |
| Orb of Venom | 1 | |
| Scroll of Town Portal | 1 | |
5 total
team 2 (loser)

»
moanin-mongoose (
purple | 29 APM | 464 actions | 15:51)
3 Mountain King
2 Storm Bolt
1 Bash
» actions
| Assign group hotkey | 1 | |
| Basic commands | 1 | |
| Build / train | 43 | |
| Enter build submenu | 25 | |
| Enter hero's abilities submenu | 3 | |
| Remove unit from queue | 4 | |
| Right click | 163 | |
| Select / deselect | 179 | |
| Select group hotkey | 2 | |
| Use ability | 43 | |
464 total
» units
| Peasant | 9 | |
| Footman | 11 | |
| Gryphon Rider | 6 | |
26 total
» upgrades
» buildings
| Altar of Kings | 1 | |
| Barracks | 1 | |
| Farm | 6 | |
| Arcane Vault | 1 | |
| Lumber Mill | 1 | |
| Town Hall | 2 | |
| Keep | 1 | |
| Scout Tower | 4 | |
| Guard Tower | 3 | |
| Castle | 1 | |
| Gryphon Aviary | 3 | |
| Blacksmith | 1 | |
25 total
» build order
00:18 Altar of Kings
00:26 Barracks
00:36 Farm
01:15 Farm
01:52 Farm
02:02 Arcane Vault
02:07 Farm
03:05 Lumber Mill
03:13 Farm
04:33 Town Hall
04:58 Keep
05:18 Scout Tower
06:02 Guard Tower
06:37 Scout Tower
07:15 Guard Tower
07:19 Scout Tower
08:04 Castle
08:08 Scout Tower
08:12 Guard Tower
08:36 Gryphon Aviary
08:38 Gryphon Aviary
08:41 Gryphon Aviary
08:52 Guard Tower
08:56 Farm
13:12 Town Hall
15:16 Blacksmith
» items
| Scroll of Regeneration | 2 | |
| Scroll of Town Portal | 2 | |
| Potion of Healing | 1 | |
5 total

»
King[33] (
pink | 52 APM | 830 actions | 15:56)
2 Tauren Chieftain
1 War Stomp
1 Endurance Aura
» actions
| Basic commands | 44 | |
| Build / train | 48 | |
| Enter build submenu | 15 | |
| Enter hero's abilities submenu | 2 | |
| Remove unit from queue | 4 | |
| Right click | 465 | |
| Select / deselect | 205 | |
| Use ability | 47 | |
830 total
» units
» upgrades
| Berserker Strength | 1 | |
| Pulverize | 1 | |
2 total
» buildings
| Orc Burrow | 7 | |
| Altar of Storms | 1 | |
| Barracks | 1 | |
| War Mill | 1 | |
| Voodoo Lounge | 1 | |
| Stronghold | 3 | |
| Fortress | 2 | |
| Tauren Totem | 3 | |
19 total
» build order
00:10 Orc Burrow
00:19 Altar of Storms
01:02 Barracks
01:56 War Mill
02:10 Voodoo Lounge
02:18 Orc Burrow
03:48 Orc Burrow
05:03 Stronghold
05:03 Stronghold
07:29 Fortress
07:29 Fortress
10:36 Tauren Totem
10:39 Tauren Totem
10:42 Tauren Totem
12:16 Orc Burrow
13:11 Orc Burrow
14:12 Orc Burrow
15:09 Orc Burrow
» items
bibiche25 (
yellow | 65 APM | 1171 actions | 18:03)
3 Death Knight
2 Death Coil
1 Unholy Aura
1 Tauren Chieftain
1 Shockwave
» actions
| Build / train | 56 | |
| Enter build submenu | 16 | |
| Enter hero's abilities submenu | 4 | |
| Remove unit from queue | 7 | |
| Right click | 504 | |
| Select / deselect | 544 | |
| Use ability | 40 | |
1171 total
» units
| Acolyte | 3 | |
| Ghoul | 9 | |
| Crypt Fiend | 10 | |
| Obsidian Statue | 4 | |
| Gargoyle | 13 | |
| Grunt | -2 | |
37 total
» upgrades
| Creature Attack | 2 | |
| Creature Carapace | 2 | |
| Web | 1 | |
| Burrow | 1 | |
| Destroyer Form | 1 | |
7 total
» buildings
| Crypt | 1 | |
| Ziggurat | 9 | |
| Altar of Darkness | 1 | |
| Graveyard | 1 | |
| Tomb of Relics | 1 | |
| Halls of the Dead | 1 | |
| Slaughterhouse | 1 | |
| Black Citadel | 1 | |
16 total
» build order
00:18 Crypt
00:20 Ziggurat
00:35 Altar of Darkness
01:04 Ziggurat
01:15 Graveyard
02:06 Tomb of Relics
03:39 Ziggurat
04:34 Halls of the Dead
07:21 Ziggurat
07:23 Slaughterhouse
09:37 Ziggurat
10:35 Ziggurat
11:42 Black Citadel
12:35 Ziggurat
12:38 Ziggurat
16:55 Ziggurat
» items

»
IDUNTRYHARD (
green | 68 APM | 1087 actions | 16:00)
4 Dreadlord
2 Sleep
2 Vampiric Aura
» actions
| Assign group hotkey | 18 | |
| Basic commands | 78 | |
| Build / train | 44 | |
| Enter build submenu | 26 | |
| Enter hero's abilities submenu | 4 | |
| Remove unit from queue | 1 | |
| Right click | 413 | |
| Select / deselect | 201 | |
| Select group hotkey | 255 | |
| Use ability | 47 | |
1087 total
» units
» upgrades
| Creature Attack | 1 | |
| Stone Form | 1 | |
2 total
» buildings
| Crypt | 2 | |
| Altar of Darkness | 1 | |
| Ziggurat | 9 | |
| Tomb of Relics | 1 | |
| Nerubian Tower | 1 | |
| Halls of the Dead | 1 | |
| Graveyard | 1 | |
| Necropolis | 2 | |
| Black Citadel | 1 | |
19 total
» build order
00:09 Crypt
00:19 Altar of Darkness
00:45 Ziggurat
00:59 Ziggurat
01:12 Tomb of Relics
01:51 Nerubian Tower
02:14 Ziggurat
03:32 Halls of the Dead
03:36 Graveyard
05:31 Necropolis
05:59 Crypt
08:31 Ziggurat
08:33 Ziggurat
08:39 Ziggurat
10:24 Ziggurat
12:28 Black Citadel
14:46 Necropolis
15:51 Ziggurat
15:55 Ziggurat
» items
| Rod of Necromancy | 2 | |
| Scroll of Town Portal | 2 | |
4 total
Chat log
(00:09 / Allies) Emmy.Lee: rush or cc
(00:22 / Allies) Liko: dk fiend frost
(00:26 / Allies) Liko: fast expo then hitting
(01:16 / Allies) Liko: we could fiend hunt
(01:19 / Allies) Liko: 2 crypt 2 aow
(01:20 / Allies) Liko: and win
(01:31 / Allies) Liko: nm
(01:38 / Allies) Emmy.Lee: was thinking the same thing
(01:50 / Allies) Liko: no hh
(01:51 / Allies) Liko: all good
(03:39 / Allies) Emmy.Lee: so I guess that's a no on the rush
(03:43 / Allies) Liko: yup
(03:44 / Allies) Liko: no rush
(04:09 / Allies) Emmy.Lee: shame
(05:41 / Allies) Liko: no mana
(05:56 / Allies) Liko: ima tank
(07:02 / Allies) Liko: unh 2
(09:58 / Allies) Liko: b
(09:59 / Allies) monasou: b
(10:00 / Allies) Liko: to yellow
(12:12 / Allies) monasou: b
(13:36 / Allies) Liko: no tp
(16:02 / All) Emmy.Lee: Gg
(16:16 / All) Liko: gg